 Dungeon Crawl Stone Soup version 0.23-a0-650-ga4d50d4d25 (webtiles) character file.

118 jobez the Conjurer (level 4, 0/33 HPs)
             Began as a Draconian Fire Elementalist on Jan 4, 2019.
             Slain by Grinder (2 damage)
             ... on level 3 of the Dungeon.
             The game lasted 00:08:56 (2836 turns).

jobez the Conjurer (Draconian Fire Elementalist)    Turns: 2836, Time: 00:08:56

Health: 0/33       AC:  5    Str: 11    XL:     4   Next: 72%
Magic:  2/7        EV: 12    Int: 16    God:
Gold:   170        SH:  0    Dex: 11    Spells: 3/7 levels left

rFire    . . .     SeeInvis .   h - +0 short sword (speed)
rCold    . . .     Gourm    .   (no shield)
rNeg     . . .     Faith    .   (armour unavailable)
rPois    .         Spirit   .   (helmet restricted)
rElec    .         Reflect  .   c - scarf {repulsion}
rCorr    .         Harm     .   (no gloves)
MR       .....                  (no boots)
Stlth    ++........             (no amulet)
HPRegen  0.11/turn              (no ring)
MPRegen  0.10/turn              (no ring)

@: repel missiles
A: unfitting armour, cold-blooded, AC +5
a: no special abilities


You were on level 3 of the Dungeon.
You were not hungry.

You visited 1 branch of the dungeon, and saw 3 of its levels.

You collected 170 gold pieces.

Inventory:

Hand Weapons
 h - a +0 short sword of speed (weapon)
Armour
 c - a scarf of repulsion (worn)
Wands
 k - a wand of digging (8)
Scrolls
 a - 3 scrolls of teleportation {unknown}
 e - a scroll of immolation {unknown}
 i - 2 scrolls of remove curse {unknown}
 j - a scroll of random uselessness {unknown}
Potions
 d - a potion of magic {unknown}
 f - a potion of curing {unknown}
 g - 2 potions of brilliance {unknown}
Comestibles
 b - 3 rations


   Skills:
 - Level 1.7 Dodging
 - Level 1.7 Stealth
 - Level 2.0 Spellcasting
 + Level 4.0 Conjurations
 + Level 3.8 Fire Magic


You had 3 spell levels left.
You knew the following spells:

 Your Spells              Type           Power        Failure   Level  Hunger
a - Flame Tongue          Conj/Fire      ##...        4%          1    #......
b - Conjure Flame         Conj/Fire      ##......     12%         3    ###....

Your spell library contained the following spells:

 Spells                   Type           Power        Failure   Level  Hunger
 Throw Flame              Conj/Fire      ##....       6%          2    ###....
 Inner Flame              Hex/Fire       #.......     28%         3    ###....
 Ensorcelled Hibernation  Hex/Ice        #.....       30%         2    ###....
 Sticky Flame             Conj/Fire      ##......     38%         4    #####..
 Fireball                 Conj/Fire      ##........   75%         5    ######.
 Borgnjor's Vile Clutch   Necr/Erth      #.........   99%         5    ######.
 Silence                  Hex/Air        #.........   99%         5    ######.
 Darkness                 Hex            #.........   100%        6    #######
 Shadow Creatures         Summ           N/A          100%        6    #######


Dungeon Overview and Level Annotations

Branches:
Dungeon (3/15)

Altars:

Annotations:
D:3 Grinder


Innate Abilities, Weirdness & Mutations

Your plain brown scales are hard. (AC +5)
You cannot fit into any form of body armour.
You are cold-blooded and may be slowed by cold attacks.


Message History

Aim: Grinder (moderately wounded)
The flame tongue misses Grinder.
The flame tongue hits the kobold.
The kobold is moderately wounded.
Grinder hits you but does no damage.
Casting: Flame Tongue (safe; 4% risk of failure)
Confirm with . or Enter, or press ? or * to list all spells.
Aiming: Flame Tongue (safe; 4% risk of failure)
Press: ? - help, Shift-Dir - straight line, f/p - Grinder
Aim: Grinder (moderately wounded)
The flame tongue hits Grinder.
Grinder is moderately wounded.
Grinder hits you!
* * * LOW HITPOINT WARNING * * *
There is an open door here.
You see here a poisoned needle.
The kobold throws a stone.
The stone closely misses you. Grinder hits you.
* * * LOW HITPOINT WARNING * * *
You writhe in agony.
You die...

#.###..........# ###.#
#..........# ###
.##.###..........# #......
....#............###.....####
#####.##......).............
.. #.##..................#
.## #.##..................#
.# #.##..................# .#
#.##########@.........# .#
#.# ######.5......).# #.#
#..(.'.(..((..#.# .# #.#
#.####((.K#####.###$# #.#
#.#..'....'.).....#.# #.#
#.#.##....###(......#
#.#####.#.####### #.......#
#.#.....### #..(....#
#.#>###...# #.......###


You could see Grinder and a kobold.

Vanquished Creatures
  4 adders
  An ooze (D:2)
  2 worms (D:2)
  3 dart slugs (D:1)
  A leopard gecko (D:2)
  An orc (D:3)
  3 ball pythons
  6 giant cockroaches
  7 goblins
  9 hobgoblins
  2 jackals (D:1)
  8 bats
  5 frilled lizards
  4 kobolds
  8 rats
64 creatures vanquished.

Notes
Turn   | Place    | Note
-------+----------+-------------------------------------------
     0 | D:1      | jobez the Draconian Fire Elementalist began the quest for
                  | the Orb.
     0 | D:1      | Reached XP level 1. HP: 14/14 MP: 3/3
   274 | D:1      | Reached skill level 2 in Conjurations
   405 | D:1      | Reached XP level 2. HP: 20/20 MP: 3/5
   877 | D:1      | Reached skill level 3 in Conjurations
   944 | D:1      | Reached XP level 3. HP: 26/26 MP: 3/6
  1322 | D:1      | Learned a level 3 spell: Conjure Flame
  2147 | D:2      | Reached XP level 4. HP: 33/33 MP: 5/7
  2798 | D:3      | Noticed Grinder
  2805 | D:3      | Reached skill level 4 in Conjurations
  2818 | D:3      | Paralysed by Grinder for 5 turns
  2836 | D:3      | Slain by Grinder

Vault maps used:
D:1:      lightli_arrival_windingriver
D:3:      first_ration, grunt_decor_one_mirror, tgw_xom, uniq_grinder

Skill      XL: |  1  2  3  4 |
---------------+-------------+-----
Conjurations   | 2 3 4 |  4.0
Dodging        | |  1.7
Stealth        | |  1.7
Spellcasting   | |  2.0
Fire Magic     | |  3.8

Action                   |  1- 3 |  4- 6 || total
-------------------------+-------+-------++-------
 Cast: Flame Tongue      |    82 |    36 ||   118
  Eat: Chunk             |     5 |     1 ||     6
       Ration            |       |     1 ||     1
Armor: Skin              |    12 |     1 ||    13
Dodge: Dodged            |    25 |     9 ||    34
       Deflected         |       |     2 ||     2

Table legend:
 A = Non-vault XP
 B = Vault XP
 C = Vault XP percentage of total XP
 D = Non-vault monster count
 E = Vault monster count
 F = Vault count percentage of total count
                 A         B        C        D         E       F
            +---------+---------+-------+---------+---------+-------
      Total |     169 |       0 |   0.0 |      64 |       0 |   0.0
            +---------+---------+-------+---------+---------+-------
        D:1 |      62 |       0 |   0.0 |      33 |       0 |   0.0
        D:2 |      69 |       0 |   0.0 |      21 |       0 |   0.0
        D:3 |      38 |       0 |   0.0 |      10 |       0 |   0.0
            +---------+---------+-------+---------+---------+-------
